 Dungeon Sprint DCSS version 0.21-a0-331-gfb491b4 (webtiles) character file.

105 potatolord6000 the Insei (level 4, 0/37 HPs)
             Began as a Gnoll Transmuter on Oct 2, 2017.
             Was a Follower of Sif Muna.
             Slain by an ufetubus (1 damage)
             ... in the Dungeon (Sprint VII: "The Pits").
             The game lasted 00:00:45 (88 turns).

potatolord6000 the Insei (Gnoll Transmuter)           Turns: 88, Time: 00:00:46

Health: 0/37       AC:  2    Str: 14    XL:     4   Next: 81%
Magic:  6/11       EV: 15    Int: 15    God:    Sif Muna [*.....]
Gold:   0          SH:  0    Dex: 15    Spells: 13/14 levels left

rFire    . . .     SeeInvis .   q - +2 quarterstaff
rCold    . . .     Gourm    .   (shield currently unavailable)
rNeg     . . .     Faith    .   b - +0 robe
rPois    .         Spirit   .   (no helmet)
rElec    .         Reflect  .   (no cloak)
rCorr    .         Harm     .   (no gloves)
MR       .....     NoTele   +   (boots currently unavailable)
Stlth    ++........             (no amulet)
HPRegen  0.12/turn              (no ring)
MPRegen  0.12/turn              (no ring)

@: appendage
A: distributed training, fangs 1, talons 3, strong nose
a: End Transformation, Divine Energy, Renounce Religion


You were in the Dungeon.
You worshipped Sif Muna.
Sif Muna was aware of your devotion.
You were not hungry.
You had grown temporary talons.
You visited 1 branch

Inventory:

Hand Weapons
 q - a +2 quarterstaff (weapon)
Missiles
 a - 12 arrows
Armour
 b - a +0 robe (worn)
Scrolls
 j - a scroll of blinking
 l - 3 scrolls of remove curse
 m - 5 scrolls of amnesia
 n - a scroll of summoning
Potions
 f - a potion of heal wounds
 g - a potion of haste
 h - 4 potions of magic
 i - 3 potions of berserk rage
 k - 2 potions of invisibility
Books
 c - a book of Changes

   Spells                             Type                      Level
   a - Beastly Appendage              Transmutation                1
   b - Sticks to Snakes               Transmutation                2
   c - Spider Form                    Transmutation/Poison         3
   d - Ice Form                       Ice/Transmutation            4
   e - Blade Hands                    Transmutation                5
Comestibles
 d - 8 bread rations
 o - 40 fruits
 p - 7 meat rations


   Skills:
 + Level 3.9 Fighting
 + Level 2.9 Short Blades
 + Level 2.9 Long Blades
 + Level 2.9 Axes
 + Level 2.9 Maces & Flails
 + Level 2.9 Polearms
 + Level 2.9 Staves
 + Level 2.9 Slings
 + Level 2.9 Bows
 + Level 2.9 Crossbows
 + Level 2.9 Throwing
 + Level 2.9 Armour
 + Level 5.4 Dodging
 + Level 2.9 Stealth
   Level 0.0 Stabbing
 + Level 2.9 Shields
   Level 0.0 Traps
 + Level 7.2 Unarmed Combat
 + Level 5.8 Spellcasting
 + Level 2.9 Conjurations
 + Level 2.9 Hexes
 + Level 2.9 Charms
 + Level 2.9 Summonings
 + Level 2.9 Necromancy
 + Level 2.9 Translocations
 + Level 5.4 Transmutations
 + Level 2.9 Fire Magic
 + Level 2.9 Ice Magic
 + Level 2.9 Air Magic
 + Level 2.9 Earth Magic
 + Level 2.9 Poison Magic
 + Level 2.9 Invocations
 + Level 2.9 Evocations


You had 13 spell levels left.
You knew the following spells:

 Your Spells              Type           Power        Failure   Level  Hunger
a - Beastly Appendage     Tmut           ###...       1%          1    None


Dungeon Overview and Level Annotations

Branches:
Dungeon (1/1)

Altars:
Ashenzari
Cheibriados
Dithmenos
Elyvilon
Fedhas
Gozag
Hepliaklqana
Kikubaaqudgha
Makhleb
Nemelex Xobeh
Okawaru
Qazlal
Ru
Sif Muna
Trog
Uskayaw
Vehumet
Wu Jian
Xom
Yredelemnul
Zin
The Shining One
Beogh
Jiyva
Lugonu


Innate Abilities, Weirdness & Mutations

Your experience applies equally to all skills.
You have very sharp teeth.
Your uncanny sense of smell can sniff out nearby items.
You have claws for feet.


Message History

You feel stronger. The ufetubus barely misses you. The ufetubus hits you. x2
The ufetubus completely misses you.
Unknown command.
Unknown command.
You barely miss the ufetubus. Your kick misses the ufetubus.
The ufetubus hits you.
* * * LOW HITPOINT WARNING * * *
The ufetubus barely misses you. The ufetubus hits you.
* * * LOW HITPOINT WARNING * * *
The ufetubus completely misses you.
Unknown command.
Unknown command.
Unknown command.
You barely miss the ufetubus. Your kick misses the ufetubus.
The ufetubus hits you.
* * * LOW HITPOINT WARNING * * *
The ufetubus closely misses you. The ufetubus barely misses you.
The ufetubus hits you.
You die...

##########'##.........
#.?(.')))'.##......#..
##########.##.........
#..........†'.........
#+#####'#####......#..
#..††.#∆∆ #.........
#.....#∆∆ ####'#####
###'###∆∆ #.......#
#.5@..#∆∆ #.......#
#.....#∆∆ #.......#
####+## #...<...#
#.......# #.......#
#.......# #########
∆∆∆∆


You could see an ufetubus.

Vanquished Creatures
  A floating eye (D)
  A giant cockroach (D)
  A hobgoblin (D)
  A goblin (D)
4 creatures vanquished.

Notes
Turn   | Place    | Note
-------+----------+-------------------------------------------
     0 | D        | potatolord6000 the Gnoll Transmuter began the quest for the Orb.
     0 | D        | Reached XP level 1. HP: 17/17 MP: 6/6
    21 | D        | Found a bloodstained altar of Trog.
    21 | D        | Found a deep blue altar of Sif Muna.
    21 | D        | Found a viscous altar of Jiyva.
    21 | D        | Found a hazy altar of Hepliaklqana.
    21 | D        | Found an opulent altar of Gozag.
    47 | D        | Found a glowing golden altar of the Shining One.
    47 | D        | Found a glowing silver altar of Zin.
    47 | D        | Found a basalt altar of Yredelemnul.
    47 | D        | Found a shimmering altar of Xom.
    47 | D        | Found an ornate altar of the Wu Jian Council.
    47 | D        | Found a sacrificial altar of Ru.
    47 | D        | Found a stormy altar of Qazlal.
    47 | D        | Found an iron altar of Okawaru.
    47 | D        | Found a sparkling altar of Nemelex Xobeh.
    47 | D        | Found a burning altar of Makhleb.
    47 | D        | Found a blossoming altar of Fedhas.
    47 | D        | Found a white marble altar of Elyvilon.
    47 | D        | Found a shadowy altar of Dithmenos.
    47 | D        | Found a snail-covered altar of Cheibriados.
    50 | D        | Found a corrupted altar of Lugonu.
    50 | D        | Found a radiant altar of Vehumet.
    50 | D        | Found a roughly hewn altar of Beogh.
    51 | D        | Found an ancient bone altar of Kikubaaqudgha.
    51 | D        | Found a hide-covered altar of Uskayaw.
    51 | D        | Found a shattered altar of Ashenzari.
    54 | D        | Became a worshipper of Sif Muna the Loreminder
    72 | D        | Reached skill level 5 in Spellcasting
    77 | D        | Noticed a floating eye
    80 | D        | Paralysed by a floating eye for 3 turns
    86 | D        | Killed a floating eye
    86 | D        | Reached * piety under Sif Muna
    86 | D        | Reached skill level 5 in Dodging
    86 | D        | Reached skill level 7 in Unarmed Combat
    86 | D        | Reached skill level 5 in Transmutations
    86 | D        | Reached XP level 2. HP: 12/25 MP: 5/8
    86 | D        | Reached XP level 3. HP: 14/30 MP: 6/10
    86 | D        | Reached XP level 4. HP: 18/37 MP: 6/11
    88 | D        | HP: 1/37 [ufetubus (5)]
    88 | D        | Slain by an ufetubus

Vault maps used:
D:        pitsprint

Skill      XL: |  1 |
---------------+----+-----
Spellcasting   | 5 |  5.8
Fighting       | 3 |  3.9
Short Blades   | 2 |  2.9
Long Blades    | 2 |  2.9
Axes           | 2 |  2.9
Maces & Flails | 2 |  2.9
Polearms       | 2 |  2.9
Staves         | 2 |  2.9
Slings         | 2 |  2.9
Bows           | 2 |  2.9
Crossbows      | 2 |  2.9
Throwing       | 2 |  2.9
Armour         | 2 |  2.9
Dodging        | 5 |  5.4
Stealth        | 2 |  2.9
Shields        | 2 |  2.9
Unarmed Combat | 7 |  7.2
Conjurations   | 2 |  2.9
Hexes          | 2 |  2.9
Charms         | 2 |  2.9
Summonings     | 2 |  2.9
Necromancy     | 2 |  2.9
Translocations | 2 |  2.9
Transmutations | 5 |  5.4
Fire Magic     | 2 |  2.9
Ice Magic      | 2 |  2.9
Air Magic      | 2 |  2.9
Earth Magic    | 2 |  2.9
Poison Magic   | 2 |  2.9
Invocations    | 2 |  2.9
Evocations     | 2 |  2.9

Action                   |  1- 3 |  4- 6 || total
-------------------------+-------+-------++-------
Melee: Quarterstaff      |     6 |     2 ||     8
       Kick              |     3 |       ||     3
       Unarmed           |     1 |       ||     1
 Cast: Beastly Appendage |     3 |       ||     3
  Use: Potion            |     1 |       ||     1
Armor: Robe              |     1 |       ||     1
Dodge: Dodged            |    21 |     6 ||    27

Table legend:
 A = Spawn XP
 B = Non-spawn XP
 C = Spawn XP percentage of total XP
 D = Spawn monster count
 E = Non-spawn monster count
 F = Spawn count percentage of total count
 G = Total turns spent on level
                    A         B        C        D         E        F      G
               +---------+---------+-------+---------+---------+-------+---------
         Total |       0 |     150 |   0.0 |       0 |       4 |   0.0 |    88
               +---------+---------+-------+---------+---------+-------+---------
             D |       0 |     150 |   0.0 |       0 |       4 |   0.0 |    88
               +---------+---------+-------+---------+---------+-------+---------
